 Dungeon Crawl Stone Soup version 0.32-a0-643-ga006e7742e (webtiles) character file.

Game seed: 17290023822316996882

17 Strat the Magician (level 2, -1/27 HPs)
             Began as an Oni Hedge Wizard on Mar 7, 2024.
             Succumbed to an adder's poison
             ... on level 1 of the Dungeon.
             The game lasted 00:01:46 (979 turns).

Strat the Magician (Oni Hedge Wizard)                Turns: 979, Time: 00:01:46

Health: -1/27      AC:  3    Str: 13    XL:     2   Next: 62%
Magic:  1/7        EV:  9    Int: 15    God:
Gold:   28         SH:  0    Dex:  8    Spells: 4/9 levels left

rFire   . . .        a - +0 dagger
rCold   . . .        (no shield)
rNeg    . . .        b - +0 robe
rPois   .            c - +0 hat
rElec   .            (no cloak)
rCorr   .            (gloves unavailable)
SInv    .            (boots unavailable)
Will    .....        e - amulet of the acrobat
Stlth   +            (no ring)
HPRegen 0.24/turn    (no ring)
MPRegen 0.10/turn

%: acrobat
@: lethally poisoned (-1 -> -14)
A: large, unfitting armour, horns 1, tough skin 1, double potion healing,
drunken brawling
a: no special abilities


You were on level 1 of the Dungeon.
You visited 1 branch of the dungeon, and saw 2 of its levels.

You collected 28 gold pieces.

Inventory:

Hand Weapons
 a - a +0 dagger (weapon)
Armour
 b - a +0 robe (worn)
 c - a +0 hat (worn)
Jewellery
 e - an amulet of the acrobat (around neck)
Scrolls
 f - a scroll of immolation {unknown}
Potions
 d - a potion of magic


   Skills:
 + Level 1.5 Fighting
 - Level 1.7 Dodging
 - Level 1.4 Stealth
 * Level 4.2 Spellcasting
 - Level 0.8 Conjurations
 - Level 0.8 Summonings
 - Level 0.8 Translocations


You had 4 spell levels left.
You knew the following spells:

 Your Spells              Type           Power      Damage    Failure   Level
a - Magic Dart            Conj           20%        1d4       12%         1
b - Blink                 Tloc           10%        N/A       19%         2
c - Call Imp              Summ           10%        N/A       19%         2

Your spell library contained the following spells:

 Spells                   Type           Power      Damage    Failure   Level
 Slow                     Hex            12%        N/A       19%         1
 Cigotuvi's Dreadful Rot  Necr/Alch/Air  6%         N/A       26%         2
 Mephitic Cloud           Conj/Alch/Air  4%         N/A       43%         3


Dungeon Overview and Level Annotations

Branches:
Dungeon (2/15)

Altars:


Innate Abilities, Weirdness & Mutations

You are too large for most types of armour.
You have a pair of small horns on your head.
You have tough skin. (AC +1)
You gain doubled healing and magic from potions.
Whenever you drink a healing potion, you attack all around you.


Message History

You feel sick. The adder bites you.
* * * LOW HITPOINT WARNING * * *
You are more poisoned.
The adder poisons you!
Your cerulean imp closely misses the adder.
Casting: Magic Dart (safe; 12% risk of failure)
Confirm with . or Enter, or press ? or * to list all spells.
Aiming: Magic Dart (safe; 12% risk of failure)
Press: ? - help, Shift-Dir - straight line, f/p - adder
Aim: an adder (heavily wounded, ally target, 100% to hit)
The magic dart hits the adder.
The adder is severely wounded.
You feel sick. The adder bites you.
* * * LOW HITPOINT WARNING * * *
You are lethally poisoned!
The adder poisons you!
Your cerulean imp barely misses the adder.
Casting: Magic Dart (safe; 12% risk of failure)
Confirm with . or Enter, or press ? or * to list all spells.
Aiming: Magic Dart (safe; 12% risk of failure)
Press: ? - help, Shift-Dir - straight line, f/p - adder
Aim: an adder (severely wounded, ally target, 100% to hit)
The magic dart hits the adder.
The adder is almost dead.
* * * LOW HITPOINT WARNING * * *
You feel very sick. The adder barely misses you. The adder bites you.
* * * LOW HITPOINT WARNING * * *
You are more poisoned.
The adder poisons you!
Your cerulean imp barely misses the adder.
Unknown command.
Casting: Magic Dart (safe; 12% risk of failure)
Confirm with . or Enter, or press ? or * to list all spells.
Aiming: Magic Dart (safe; 12% risk of failure)
Press: ? - help, Shift-Dir - straight line, f/p - adder
Aim: an adder (almost dead, ally target, 100% to hit)
The magic dart hits the adder.
You kill the adder!
You die...

######### ####.# #.......#
#....# ### #.......# ##....# #.#
#.......# #...... #.# ###
#.......# #.....# #.######.#
#.......###.....#
#......#.#######...........#
#.####.#.##......#####.##..# #.#
#.#..#@###### #.##..#
#.####.#..#†##########.##...
#..........†..............(.
##.......>5....##########.##
######.###.#....#### #.##
#...##............# #.#
#...#......#....#############.##
#...#...........................
###.#...##.#...........######.##


You could see a friendly cerulean imp (summoned).

Vanquished Creatures
  An adder (D:1)
  3 endoplasms (D:1)
  A goblin (D:1)
  2 hobgoblins (D:1)
  3 quokkas (D:1)
  A bat (D:1)
  A frilled lizard (D:1)
  A rat (D:1)
13 creatures vanquished.

Vanquished Creatures (collateral kills)
  A dart slug (D:1)
1 creature vanquished.

Grand Total: 14 creatures vanquished

Notes
Turn   | Place    | Note
-------+----------+-------------------------------------------
     0 | D:1      | Strat the Oni Hedge Wizard began the quest for the Orb.
     0 | D:1      | Reached XP level 1. HP: 16/16 MP: 5/5
   103 | D:1      | Reached skill level 1 in Fighting
   123 | D:1      | Reached skill level 4 in Spellcasting
   123 | D:1      | Reached XP level 2. HP: 22/27 MP: 7/7
   176 | D:1      | Learned a level 2 spell: Blink
   179 | D:1      | Learned a level 2 spell: Call Imp
   979 | D:1      | Succumbed to an adder's poison

Illustrated notes

Levels and vault maps discovered:
D:1:      lemuel_arrival_behind_the_door_small, layout_basic
D:2:      layout_loops_ring, uniq_sigmund

Skill      XL: |  1 |
---------------+----+-----
Fighting       | 1 |  1.5
Spellcasting   | 4 |  4.2
Dodging        | |  1.7
Stealth        | |  1.4
Conjurations   | |  0.8
Summonings     | |  0.8
Translocations | |  0.8

Action                     || total
---------------------------++-------
  Melee: Dagger            ||    63
         Headbutt          ||     7
   Cast: Magic Dart        ||    12
         Call Imp          ||     1
   Stab: Sleeping          ||     1
 Armour: Robe              ||    37
  Dodge: Dodged            ||    43

Table legend: (Time is in decaauts)
 A = Elapsed time spent in this place.
 B = Non-inter-level travel time spent in this place.
 C = Inter-level travel time spent in this place.
 D = Time resting spent in this place.
 E = Time spent auto-exploring this place.
 F = Levels seen in this place.
 G = Mean time per level.
                   A        B        C        D        E       F      G
               +--------+--------+--------+--------+--------+-----+--------+
         Total |    979 |    955 |     24 |     47 |    723 |   2 |  489.5 |
       Dungeon |    979 |    955 |     24 |     47 |    723 |   2 |  489.5 |
               +--------+--------+--------+--------+--------+-----+--------+

Top non-repeatable levels by time:
     D:1: 977 daAuts
     D:2: 1 daAuts
